 Dungeon Crawl Stone Soup version 0.14-a0-2162-g062a2ce (webtiles) character file.

69895 M4edhros the Slinger (level 15, 0/94 HPs)
             Began as an Octopode Hunter on Jan 28, 2014.
             Was a High Priest of Fedhas.
             Killed by the air
             ... invoked by a titan
             ... created by the fury of Okawaru
              (24 damage)
             ... on Level 4 of the Orcish Mines.
             The game lasted 03:07:48 (25482 turns).

M4edhros the Slinger (Octopode Hunter)             Turns: 25482, Time: 03:07:48

HP   0/94        AC  5     Str 12      XL: 15   Next: 22%
MP  19/29        EV 20     Int 15      God: Fedhas [*****.]
Gold 2795        SH 25     Dex 19      Spells:  7 memorised, 10 levels left

rFire  + . .     SeeInvis .     b - +4 sling
rCold  . . .     Clarity  .     V - +0 shield "Zyschoz" {Dex+2 Dam+4}
rNeg   . . .     Conserve .     (helmet restricted)
rPois  .         rCorr    .     (no amulet)
rElec  .         rRot     .     l - ring of regeneration
SustAb + .       Spirit   .     p - ring of sustain abilities
rMut   .         Warding  .     C - +4 ring of protection
Saprov . . .     Stasis   .     O - ring of teleport control
MR     +....                    Q - +2 ring of evasion
                                M - ring of protection from fire
                                (no ring)
                                (no ring)

@: very slightly contaminated, drained, somewhat resistant to hostile
enchantments, quite stealthy
A: almost no armour, amphibious, 8 rings, constrict 8, camouflage 1, gelatinous
body 1
a: Evolution, Sunlight, Growth, Reproduction, Rain, Renounce Religion, Evoke
Teleport Control


You were on level 4 of the Orcish Mines.
You worshipped Fedhas.
Fedhas was extremely pleased with you.
You were not hungry.

You visited 4 branches of the dungeon, and saw 23 of its levels.
You also visited: Labyrinth, Bailey and Volcano.

You collected 3075 gold pieces.
You spent 280 gold pieces at shops.

Inventory:

Hand weapons
 b - a +4,+4 sling (weapon)
 u - a +1,+1 demon whip of flaming
 L - the +2,+3 sling "Wagukhlao" {frost, rElec}
   (You acquired it on level 5 of the Lair of Beasts)

   It turns projectiles fired from it into bolts of frost.
   It insulates you from electricity.
 N - a +7,+0 sling of flame
 S - a +1,+1 hand axe of electrocution
Missiles
 c - 72 sling bullets
 d - 8 silver sling bullets
 g - 19 exploding sling bullets
 i - 36 stones
 t - 11 steel sling bullets (quivered)
Armour
 I - a +3 dwarven shield of protection
 V - the +0 shield "Zyschoz" (worn) {Dex+2 Dam+4}
   (Okawaru gifted it to you on level 5 of the Lair of Beasts)

   It affects your dexterity (+2).
   It affects your damage with ranged weapons and melee attacks (+4).
Magical devices
 f - a wand of draining (6)
 o - a wand of fireball (5) {unknown}
 r - a wand of confusion (9)
 w - a wand of hasting (2)
 z - a wand of fire (4)
 A - a wand of paralysis (6)
 F - a wand of fire (11)
 J - a wand of enslavement (9)
 K - a wand of teleportation (0)
 T - a wand of cold (7)
Comestibles
 a - 2 chunks of orc flesh
 n - 3 pears
 q - a bread ration
 x - 18 grapes
 X - 5 honeycombs
Scrolls
 R - 2 scrolls of fear
Jewellery
 l - a ring of regeneration (left tentacle)
 p - a ring of sustain abilities (right tentacle)
 C - a +4 ring of protection (on tentacle)
 M - a ring of protection from fire (on tentacle)
 O - a ring of teleport control (on tentacle)
 Q - a +2 ring of evasion (on tentacle)
Potions
 e - 2 potions of heal wounds
 j - a potion of berserk rage
 s - 3 potions of might
 H - a potion of agility
 W - 2 potions of speed
Rods
 v - a +2 lightning rod (16/16)
   (You found it on level 3 of the Dungeon)
 B - a +3 rod of warding (12/12)
   (You took it off a minotaur in a labyrinth)


   Skills:
 - Level 6.1(5.9) Fighting
 + Level 5.3(5.1) Axes
 + Level 13.2(13.0) Slings
 + Level 8.9(8.7) Dodging
 - Level 1.3(1.1) Stealth
 - Level 11.9(11.7) Shields
 - Level 7.0(6.8) Spellcasting
 - Level 5.4(5.2) Conjurations
 - Level 6.2(6.0) Charms
 + Level 4.5(4.3) Necromancy
 - Level 2.1(1.9) Fire Magic
 - Level 4.4(4.2) Air Magic
 - Level 4.3(4.1) Poison Magic
 * Level 3.8(3.6) Invocations
 + Level 9.7(9.5) Evocations


You had 10 spell levels left.
You knew the following spells:

 Your Spells              Type           Power        Failure   Level  Hunger
a - Poison Weapon         Chrm/Pois      ###.......   6%          3    ##.....
b - Regeneration          Chrm/Necr      ###.......   6%          3    ##.....
c - Repel Missiles        Chrm/Air       ###.......   2%          2    None
d - Fire Brand            Chrm/Fire      ###.......   4%          2    None
e - Mephitic Cloud        Conj/Pois/Air  ###.....     10%         3    ##.....
f - Swiftness             Chrm/Air       ###.....     2%          2    None
g - Conjure Flame         Conj/Fire      ###.....     12%         3    ##.....


Dungeon Overview and Level Annotations

Branches:
Dungeon (10/16)            Temple (1/1) D:7             Orc (4/4) D:9
    Elf (0/3) Orc:4          Lair (8/8) D:9           Swamp (0/5) Lair:6
  Snake (0/5) Lair:3        Slime (0/6) Lair:8

Altars:
Ashenzari
Cheibriados
Dithmengos
Elyvilon
Fedhas
Kikubaaqudgha
Makhleb
Nemelex Xobeh
Okawaru
Sif Muna
Trog
Vehumet
Xom
Jiyva

Shops:
Orc:1 =   Orc:2 !

Annotations:
Orc:4 Harold
Lair:4 Rupert


Innate Abilities, Weirdness & Mutations

You cannot wear most types of armour.
You are amphibious.
You can wear up to eight rings at the same time.
You can use your tentacles to constrict many enemies at once.
Your skin changes colour to match your surroundings (Stlth).
Your rubbery body absorbs attacks (AC +1).


Message History

You feel better.
You feel less protected from missiles.
Your oklob plant spits acid at the titan.
The splash of acid hits the titan.
Your oklob plant spits acid at the titan.
The splash of acid hits the titan.
The titan gestures at you while chanting.
The bolt of lightning misses you.
Drink which item? (? for menu, Esc to quit)
You feel better.
Your skin stops crawling.
Your oklob plant spits acid at the titan.
The splash of acid hits the titan.
The titan writhes in agony as its flesh is eaten away!
Your oklob plant spits acid at the titan.
The splash of acid hits the titan.
The titan waves its arms in wide circles.
The air twists around and strikes you!
You die...
Fedhas appreciates your contribution to the ecosystem.

##.#.[).......C.....)
##...(.).........#.#.#
#....[.).........#.###
##.#))()..........C.## #
##.[.§§.[..............
#.##....@...........>.....
........##@..z.......o....
#............C............
##.$.....@..............#.
#..........((.......%....
#..........P..(....<......
##.#.......P.<.....4§.$.$.
##.##.#...............§.o..
#................$.........
##.##.#<....$.#............
####....###............
###.###..$......[...


You could see a titan (bleeding), Harold, an orc skeleton and 2 friendly oklob
plants.

Vanquished Creatures
  A fire giant (Orc:4)
  A minotaur (Lab)
  A fire dragon (Lair:8)
  Fannar (Orc:4)
  6 hydras
  10 death yaks (Lair:8)
  Erolcha (Orc:2)
  A catoblepas (Lair:8)
  An ice statue (Lair:2)
  Pikel (D:7)
  Joseph (Orc:3)
  6 orc knights
  A griffon (Lair:7)
  A draconian (D:8)
  7 elephants
  5 orc sorcerers
  2 lindwurms (Lair:8)
  A spiny worm (Lair:8)
  6 black mambas
  A smoke demon (Volcano)
  8 spiny frogs
  3 giant fireflies (Lair:8)
  5 wandering mushrooms
  2 red devils (Volcano)
  8 polar bears
  3 trolls
  14 komodo dragons
  4 giant leeches
  2 boulder beetles
  9 blink frogs (Lair:5)
  2 basilisks
  2 formicids (Lair:6)
  10 grizzly bears
  A deep elf fighter (D:8)
  A toenail golem (Volcano)
  A human (D:8)
  7 sharks
  A hungry ghost (D:9)
  33 yaks
  2 clay golems (Volcano)
  4 elephant slugs
  5 hippogriffs
  A mottled dragon (D:7)
  4 spriggan skeletons (Lab)
  A swamp worm (Lair:6)
  5 hell hounds
  A manticore (D:9)
  26 wolves
  2 necrophages
  5 porcupines
  8 black bears
  A sky beast (D:9)
  19 orc warriors
  11 ice beasts
  4 slaves (D:7)
  2 phantoms
  8 ogres
  2 nagas (Lair:3)
  5 giant goldfish
  15 crocodiles
  A yellow wasp (D:8)
  6 centaurs
  7 giant slugs
  10 water moccasins
  A boring beetle (Lair:8)
  4 brain worms (Lair:8)
  19 giant frogs
  6 wargs
  10 agate snails
  9 killer bees
  A jellyfish (Lair:5)
  2 troll skeletons
  2 electric eels
  6 crimson imps
  A centaur zombie (D:9)
  3 goliath beetles
  4 lava snakes (Volcano)
  2 big fish
  18 hounds
  A jelly (D:9)
  2 centaur skeletons (Lab)
  Crazy Yiuf (D:6)
  8 iguanas
  4 scorpions
  20 orc wizards
  6 worker ants
  14 orc priests
  4 sheep (Lair:6)
  An ogre skeleton (Lab)
  17 gnolls
  2 giant centipedes
  42 green rats
  4 orc zombies
  22 adders
  4 giant mites
  An inept feature mimic (D:9)
  2 inept item mimics
  2 white imps (Lair:2)
  20 worms
  A scorpion zombie (D:7)
  An adder skeleton (D:5)
  A giant eyeball (D:7)
  8 giant geckos
  An ooze (D:5)
  163 orcs
  A bat skeleton (D:6)
  5 giant cockroaches
  21 hobgoblins
  28 kobolds
  6 quokkas
  A ball python (D:2)
  24 bats
  4 giant newts
  33 goblins
  A goblin zombie (Orc:2)
  A hobgoblin zombie (D:6)
  18 jackals
  A jackal zombie (D:6)
  A kobold skeleton (D:6)
  2 orc skeletons (Orc:2)
  22 rats
  8 fungi
  15 plants
  A toadstool (Bailey)
959 creatures vanquished.

Vanquished Creatures (collateral kills)
  A troll (Orc:2)
  An orc warrior (Orc:4)
  2 orcs (Orc:2)
4 creatures vanquished.

Vanquished Creatures (others)
  5 wandering mushrooms
  9 fungi
  13 plants
  165 toadstools
192 creatures vanquished.

Grand Total: 1155 creatures vanquished

Notes
Turn   | Place    | Note
--------------------------------------------------------------
     0 | D:1      | M4edhros, the Octopode Hunter, began the quest for the Orb.
     0 | D:1      | Reached XP level 1. HP: 13/13 MP: 1/1
    99 | D:1      | Reached XP level 2. HP: 18/18 MP: 2/2
   471 | D:1      | Reached XP level 3. HP: 23/23 MP: 3/3
   543 | D:2      | Reached skill level 5 in Slings
   694 | D:2      | Found a white marble altar of Elyvilon.
  1011 | D:2      | Reached XP level 4. HP: 24/28 MP: 4/4
  1158 | D:2      | Found a shimmering altar of Xom.
  1408 | D:3      | Found an iron altar of Okawaru.
  1464 | D:3      | Became a worshipper of Warmaster Okawaru
  1706 | D:3      | Reached skill level 6 in Slings
  1968 | D:3      | Reached XP level 5. HP: 33/33 MP: 5/5
  2266 | D:4      | Noticed an orc warrior
  3064 | D:4      | Paralysed by a potion of paralysis for 2 turns
  3118 | D:4      | Noticed a phantom
  3149 | D:4      | Killed a phantom
  3149 | D:4      | Acquired Okawaru's first power
  3149 | D:4      | Reached skill level 7 in Slings
  3149 | D:4      | Reached XP level 6. HP: 38/38 MP: 6/6
  3375 | D:5      | Entered Level 5 of the Dungeon
  3709 | D:5      | Found a white marble altar of Elyvilon.
  3725 | D:5      | Learned a level 3 spell: Poison Weapon
  3795 | D:5      | Reached skill level 1 in Evocations
  3795 | D:5      | Reached XP level 7. HP: 29/43 MP: 6/8
  3883 | D:6      | Noticed an eight-headed hydra
  3884 | D:6      | Noticed a hippogriff
  3922 | D:6      | Noticed Crazy Yiuf
  3936 | D:6      | Killed Crazy Yiuf
  3936 | D:6      | Reached skill level 1 in Charms
  4030 | D:6      | Killed a hippogriff
  4030 | D:6      | Reached skill level 8 in Slings
  4030 | D:6      | Reached skill level 1 in Spellcasting
  4030 | D:6      | Reached skill level 1 in Poison Magic
  4266 | D:5      | Reached XP level 8. HP: 43/48 MP: 9/11
  4650 | D:6      | Learned a level 3 spell: Regeneration
  4653 | D:6      | Learned a level 2 spell: Repel Missiles
  4656 | D:6      | Learned a level 2 spell: Fire Brand
  5199 | D:6      | Killed an eight-headed hydra
  5199 | D:6      | Received a gift from Okawaru
  5199 | D:6      | Reached skill level 9 in Slings
  5199 | D:6      | Reached XP level 9. HP: 32/53 MP: 14/17
  5217 | D:6      | Received a gift from Okawaru
  5574 | D:7      | Reached skill level 5 in Evocations
  5578 | D:7      | Noticed Pikel
  5619 | D:7      | Found a staircase to the Ecumenical Temple.
  5622 | D:7      | Reached skill level 1 in Necromancy
  5781 | D:7      | Reached skill level 5 in Dodging
  5898 | D:7      | Reached skill level 1 in Fire Magic
  5941 | D:7      | Killed Pikel
  5941 | D:7      | Acquired Okawaru's second power
  5941 | D:7      | Received a gift from Okawaru
  5941 | D:7      | Reached skill level 1 in Air Magic
  5941 | D:7      | Reached XP level 10. HP: 40/50 MP: 17/19
  6807 | D:8      | Received a gift from Okawaru
  6816 | D:8      | Reached skill level 10 in Slings
  7206 | D:8      | Noticed a draconian
  7211 | D:8      | Killed a draconian
  7211 | D:8      | Received a gift from Okawaru
  7632 | D:9      | Found a staircase to the Lair.
  7728 | D:9      | Found a staircase to the Orcish Mines.
  7858 | D:9      | Received a gift from Okawaru
  7872 | D:9      | Reached skill level 5 in Charms
  8166 | D:9      | Learned a level 3 spell: Mephitic Cloud
  8697 | D:9      | Found a snail-covered altar of Cheibriados.
  8704 | D:9      | Reached XP level 11. HP: 55/55 MP: 19/22
  8765 | D:9      | Received a gift from Okawaru
  8821 | D:9      | Reached skill level 1 in Shields
  8863 | D:10     | Entered Level 10 of the Dungeon
  8912 | Lair:1   | Entered Level 1 of the Lair of Beasts
  9682 | Lair:1   | Reached skill level 5 in Shields
 10795 | Lair:2   | Received a gift from Okawaru
 11056 | Lair:2   | Noticed an ice statue
 11099 | Lair:2   | Killed an ice statue
 11297 | Lair:2   | Got a glittering golden ring
 11306 | Lair:2   | Got a steaming battleaxe
 11307 | Lair:2   | Identified the ring of the Ancient Spirits {+Fly rC-} (You found it on level 2 of the Lair of Beasts)
 11307 | Lair:2   | Identified the cursed +2,+7 battleaxe "Hilonliw" {drain, +Rage rPois Int+3 Stlth++} (You found it on level 2 of the Lair of Beasts)
 11829 | Lair:3   | Reached XP level 12. HP: 68/68 MP: 23/23
 11966 | Lair:3   | Reached skill level 10 in Shields
 11993 | Lair:3   | Noticed a five-headed hydra
 12004 | Lair:3   | Killed a five-headed hydra
 12081 | Lair:3   | Received a gift from Okawaru
 12082 | Lair:3   | Got a brightly glowing shield {god gift}
 12313 | Lair:3   | Found a staircase to the Snake Pit.
 12329 | Lair:3   | Reached skill level 11 in Shields
 12357 | Lair:3   | Identified the +0 shield "Zylyer Goobb" {Int+4 Acc+3} (Okawaru gifted it to you on level 3 of the Lair of Beasts)
 12755 | Lair:3   | Gained mutation: Your vision is a little blurry. [potion of mutation]
 12755 | Lair:3   | Gained mutation: You possess an exceptional clarity of mind. [potion of mutation]
 12755 | Lair:3   | Gained mutation: You are partially covered in thin metallic scales (AC +2). [potion of mutation]
 13116 | Lair:4   | Noticed Rupert
 13805 | Lair:5   | Reached skill level 1 in Conjurations
 13950 | Lair:5   | Found a labyrinth entrance.
 13960 | Lab      | Entered a labyrinth
 14277 | Lab      | Noticed a minotaur
 14453 | Lab      | Reached skill level 5 in Spellcasting
 14456 | Lab      | Killed a minotaur
 14460 | Lab      | Identified a +3 rod of warding (12/12) (You took it off a minotaur in a labyrinth)
 14885 | Lair:5   | Reached XP level 13. HP: 44/73 MP: 2/26
 14999 | Lair:5   | Received a gift from Okawaru
 15184 | Lair:5   | Identified a scroll of acquirement
 15186 | Lair:5   | Got a twisted sling
 15187 | Lair:5   | Identified the +2,+3 sling "Wagukhlao" {frost, rElec} (You acquired it on level 5 of the Lair of Beasts)
 15339 | Lair:5   | Noticed a six-headed hydra
 15345 | Lair:5   | Killed a six-headed hydra
 15347 | Lair:5   | Received a gift from Okawaru
 15348 | Lair:5   | Got a polished shield {god gift}
 15364 | Lair:5   | Identified the +0 shield "Zyschoz" {Dex+2 Dam+4} (Okawaru gifted it to you on level 5 of the Lair of Beasts)
 15639 | Lair:5   | Noticed a four-headed hydra
 15814 | Lair:5   | Reached skill level 5 in Conjurations
 15953 | Lair:5   | Killed a four-headed hydra
 16408 | Lair:6   | Found a staircase to the Swamp.
 17390 | Lair:7   | Found a snail-covered altar of Cheibriados.
 17534 | Lair:7   | Learned a level 2 spell: Swiftness
 17598 | Lair:7   | Received a gift from Okawaru
 17822 | Lair:7   | Found a dark tunnel.
 17832 | Volcano  | Entered a volcano
 18120 | Volcano  | Found a burning altar of Makhleb.
 18122 | Volcano  | Reached skill level 1 in Axes
 19063 | Lair:8   | Entered Level 8 of the Lair of Beasts
 19279 | Lair:8   | Reached XP level 14. HP: 55/85 MP: 10/28
 19325 | Lair:8   | Received a gift from Okawaru
 19391 | Lair:8   | Reached skill level 12 in Slings
 19509 | Lair:8   | Learned a level 3 spell: Conjure Flame
 19525 | Lair:8   | Found a viscous altar of Jiyva.
 19525 | Lair:8   | Found a staircase to the Slime Pits.
 19871 | Lair:8   | Reached skill level 5 in Fighting
 21008 | Lair:8   | Received a gift from Okawaru
 21226 | Lair:8   | Reached skill level 13 in Slings
 22121 | Temple   | Entered the Ecumenical Temple
 22161 | Temple   | Fell from the grace of Okawaru
 22161 | Temple   | Became a worshipper of Fedhas Madash
 22251 | Orc:1    | Entered Level 1 of the Orcish Mines
 22277 | Orc:1    | Acquired Fedhas' first power
 22503 | Orc:1    | Found Fear's Jewellery Shoppe.
 22503 | Orc:1    | You fall through a shaft!
 22621 | Orc:1    | Found a flagged portal.
 22675 | Bailey   | Entered a bailey
 22793 | Bailey   | Acquired Fedhas' second power
 22844 | Bailey   | Reached skill level 1 in Invocations
 23196 | Orc:1    | Noticed a stone giant
 23196 | Orc:1    | Noticed a stone giant
 23268 | Orc:2    | Noticed Erolcha
 23320 | Orc:2    | Killed Erolcha
 23320 | Orc:2    | Reached XP level 15. HP: 73/94 MP: 28/29
 23465 | Orc:2    | Acquired Fedhas' third power
 23682 | Orc:2    | Found Viutem's Distillery.
 23694 | Orc:2    | Bought a potion of mutation for 42 gold pieces
 23695 | Orc:2    | Lost mutation: You possess an exceptional clarity of mind. [potion of mutation]
 23695 | Orc:2    | Gained mutation: Your spells are a little harder to cast, but a little more powerful. [potion of mutation]
 23695 | Orc:2    | Gained mutation: Your magical capacity is low (-10% MP). [potion of mutation]
 23696 | Orc:2    | Lost mutation: Your vision is a little blurry. [potion of cure mutation]
 23696 | Orc:2    | Lost mutation: Your spells are a little harder to cast, but a little more powerful. [potion of cure mutation]
 23696 | Orc:2    | Lost mutation: You are partially covered in thin metallic scales (AC +2). [potion of cure mutation]
 23696 | Orc:2    | Lost mutation: Your magical capacity is low (-10% MP). [potion of cure mutation]
 23697 | Orc:2    | Bought a potion of heal wounds for 42 gold pieces
 23697 | Orc:2    | Bought a potion of heal wounds for 42 gold pieces
 23697 | Orc:2    | Bought 2 potions of speed for 154 gold pieces
 23904 | Orc:3    | Reached skill level 5 in Axes
 23984 | Orc:3    | Acquired Fedhas' fourth power
 24444 | Orc:3    | Noticed Joseph
 24456 | Orc:3    | Killed Joseph
 24663 | Orc:4    | Entered Level 4 of the Orcish Mines
 24665 | Orc:4    | Noticed Fannar
 24682 | Orc:4    | Killed Fannar
 24765 | Orc:4    | Acquired Fedhas' fifth power
 24773 | Orc:4    | Found a staircase to the Elven Halls.
 24854 | Orc:4    | Noticed a fire giant
 24854 | Orc:4    | Noticed a titan
 24975 | Orc:4    | Noticed Harold
 25364 | Orc:3    | Noticed a fire giant
 25467 | Orc:4    | Killed a fire giant
 25482 | Orc:4    | Killed from afar by a titan

Action                   |  1- 3 |  4- 6 |  7- 9 | 10-12 | 13-15 || total
-------------------------+-------+-------+-------+-------+-------++-------
Melee: Short sword       |       |     2 |     7 |       |       ||     9
       Hammer            |       |       |    48 |   157 |    35 ||   240
       Rod               |       |       |     2 |       |     2 ||     4
       Unarmed           |       |       |       |     1 |       ||     1
       Hand axe          |       |       |       |       |  1005 ||  1005
       Demon whip        |       |       |       |       |    43 ||    43
 Fire: Sling             |   101 |   265 |   186 |  1085 |   239 ||  1876
 Cast: Poison Weapon     |       |       |     9 |    44 |     4 ||    57
       Fire Brand        |       |       |     4 |    23 |     7 ||    34
       Repel Missiles    |       |       |       |     5 |    11 ||    16
       Mephitic Cloud    |       |       |       |    17 |   128 ||   145
       Regeneration      |       |       |       |     5 |    53 ||    58
       Swiftness         |       |       |       |       |     2 ||     2
       Conjure Flame     |       |       |       |       |     1 ||     1
Invok: Heroism           |       |       |       |       |     3 ||     3
       Evolution         |       |       |       |       |     7 ||     7
       Sunlight          |       |       |       |       |     5 ||     5
       Growth            |       |       |       |       |     1 ||     1
 Abil: Evoke Teleport Co |       |       |       |       |     4 ||     4
Evoke: Rod               |       |       |    15 |    21 |    41 ||    77
       Wand              |       |       |     4 |     4 |    12 ||    20
  Use: Scroll            |     2 |    12 |    10 |    15 |    13 ||    52
       Potion            |       |    11 |     3 |    10 |    11 ||    35
 Stab: Sleeping          |       |       |       |     3 |     5 ||     8
       Confused          |       |       |       |       |    43 ||    43
       Distracted        |       |       |       |       |     1 ||     1
       Fleeing           |       |       |       |       |     1 ||     1
